[Event "Early-Titled-Tuesday-Blitz-August-29-2023"]
[Site "Chess.com"]
[Date "2023.08.29"]
[Round "10"]
[White "Forge13"]
[Black "AniJak"]
[Result "1-0"]
[WhiteElo "2630"]
[BlackElo "2372"]
[TimeControl "180+1"]
[EndTime "9:53:29 PDT"]
[Termination "Forge13 won on time"]

1. e4 Nf6 2. Nc3 d5 3. exd5 Nxd5 4. Bc4 Nxc3 5. Qf3 e6 6. dxc3 Nc6 7. Qe2 Bd6 8. Nf3 O-O 9. Bg5 Be7 10. Bd2 Bf6 11.
O-O-O Qe7 12. g4 Qc5 13. g5 Be7 14. Bd3 e5 15. h4 Bg4 16. Qe4 f5 17. gxf6 Bxf3 18.
Qxh7+ Kf7 19. Qg6+ Ke6 20. Bf5+ Kd5 21. Be3+ Nd4 22. fxe7 Qxe7 23. cxd4 Bxd1 24. Rxd1 e4 25. Bxe4+ Kc4 26. a3 Rf6 27. Bd3+ Kd5 28. Qg2+ Kd6 29.
Bg5 c6 30. Qg3+ Kd7 31. Bxf6 Qxf6 32. Rg1 Rg8 33. Qg4+ Kc7 34. Qf5 Qd8 35. Qe5+ Kb6 36. Rxg7 Rxg7 37. Qxg7 Qxh4 38. b3 Qxf2 39. Qe5 Qg1+ 40.
Kb2 Qg4 41. a4 a6 42. Qc5+ Kc7 43. a5 Qf4 44. Qe5+ 1-0

[Event "Early-Titled-Tuesday-Blitz-August-29-2023"]
[Site "Chess.com"]
[Date "2023.08.29"]
[Round "10"]
[White "blitzo_vich"]
[Black "RobertoJBM"]
[Result "0-1"]
[WhiteElo "2613"]
[BlackElo "2826"]
[TimeControl "180+1"]
[EndTime "9:53:31 PDT"]
[Termination "RobertoJBM won by resignation"]

1. e4 c6 2. d4 d5 3. e5 Bf5 4. h4 Qb6 5. h5 h6 6. Ne2 e6 7. Nf4 c5 8. c3 Nc6 9. Ne2 O-O-O 10. a3 c4 11. Ng3 Bh7 12. Nd2 Na5 13. Be2 Kb8 14. Ngf1 Ne7 15. Ne3 Nc8 16. f4 Be7 17. g4 f6 18. Nf3 Be4 19. O-O Nb3 20.
Ra2 fxe5 21. Nxe5 Nd6 22. Bd2 Bb1 23. Qxb1 Nxd2 24. Qg6 Nxf1 25. Bxf1 Bf6 26. Nf3 Ne4 27.
Bxc4 Qc7 28. Ne5 Rhf8 29. Bd3 Bxe5 30. fxe5 Ng5 31. Ra1 Rf3 32. Re1 Rdf8 33. Bf1 Qf7 34. Qxf7 R3xf7 35. Bg2 Rf2 36. Rf1 Rxf1+ 37. Nxf1 b5 38.
Nd2 Kc7 39. Bf1 a6 40. Kg2 Kb6 41. Bd3 a5 42. Nb3 b4 43. axb4 axb4 44. Nc5 Ra8 45. cxb4 Ra2 46. Kg3 Kc6 47. b5+ Kb6 48. Bg6 Kxb5 49.
Bf7 Nxf7 0-1

[Event "Early-Titled-Tuesday-Blitz-August-29-2023"]
[Site "Chess.com"]
[Date "2023.08.29"]
[Round "10"]
[White "HansOnTwitch"]
[Black "hitaman"]
[Result "1-0"]
[WhiteElo "2916"]
[BlackElo "2719"]
[TimeControl "180+1"]
[EndTime "9:53:34 PDT"]
[Termination "HansOnTwitch won by resignation"]

1. e4 c5 2. Nf3 e6 3. b3 a6 4.
Bb2 Nc6 5. c4 Qc7 6. g3 Nf6 7.
e5 Ng4 8. Bg2 Ngxe5 9. Nxe5 Nxe5 10.
O-O Nc6 11. Re1 Nd4 12. Nc3 Be7 13. Qg4 O-O 14. Nd5 Qd8 15. Nxe7+ Qxe7 16. Bxd4 cxd4 17. Qxd4 d6 18. a4 a5 19. Re3 Qc7 20. Qh4 Qd8 21.
Qd4 e5 22. Qc3 Qb6 23. c5 Qxc5 24. Qxc5 dxc5 25. Rxe5 Be6 26. Rxc5 b6 27. Rb5 Rad8 28.
Rxb6 Rxd2 29. Rb5 Rfd8 30. h4 Rb2 31. Rxa5 Rxb3 32. Ra8 Rxa8 33. Bxa8 Rb6 34. a5 Ra6 35. Bb7 Ra7 36. a6 Kf8 37. Rc1 Ke7 38. f4 Bf5 39. Rc3 Kd6 40. Kf2 h5 41. Ke3 g6 42.
Kd4 Bg4 43. Rc6+ Kd7 44. Kc5 Bf3 45. Rd6+ 1-0

[Event "Early-Titled-Tuesday-Blitz-August-29-2023"]
[Site "Chess.com"]
[Date "2023.08.29"]
[Round "10"]
[White "VOneChess"]
[Black "AlexandraSamaganova"]
[Result "0-1"]
[WhiteElo "2099"]
[BlackElo "2321"]
[TimeControl "180+1"]
[EndTime "9:53:34 PDT"]
[Termination "AlexandraSamaganova won on time"]

1. e4 c5 2. Nf3 e6 3. d4 cxd4 4.
Nxd4 a6 5. Bd3 Qc7 6. O-O Nf6 7. Qe2 d6 8. c4 Be7 9. Nc3 Nbd7 10. f4 O-O 11. Be3 b6 12. b4 Bb7 13. Rac1 Rac8 14. g4 Qb8 15. g5 Ne8 16. Rf3 g6 17. Rh3 Ng7 18. f5 exf5 19. exf5 Rfe8 20. f6 Nxf6 21.
gxf6 Bxf6 22. Qf2 Be5 23. Rf1 f5 24. Qh4 h5 25. Qg5 Bxd4 26. Bxd4 Re6 27. Bxg7 Kxg7 28. Bxf5 Rf6 29. Bxc8 Rxf1+ 30. Kxf1 Qxc8 31. Re3 Qxc4+ 32. Ne2 Qf7+ 33. Kg1 Qd5 0-1

[Event "Early-Titled-Tuesday-Blitz-August-29-2023"]
[Site "Chess.com"]
[Date "2023.08.29"]
[Round "10"]
[White "shimastream"]
[Black "Oleksandr_Bortnyk"]
[Result "0-1"]
[WhiteElo "2911"]
[BlackElo "3042"]
[TimeControl "180+1"]
[EndTime "9:53:35 PDT"]
[Termination "Oleksandr_Bortnyk won on time"]

1. b3 d5 2. Bb2 Bf5 3. d3 e6 4. Nd2 Nf6 5. g3 h6 6. Bg2 Be7 7. e4 Bh7 8. Nh3 O-O 9. O-O a5 10. a3 c5 11. Nf4 Nc6 12. exd5 exd5 13. Bxf6 Bxf6 14. Rb1 Ne7 15. Qf3 Bc3 16. Rfd1 Nc6 17. Qxd5 Nd4 18. Ne4 Bxe4 19. Bxe4 Qf6 20. Kg2 Rfd8 21. Qc4 Nxc2 22. Rbc1 b5 23. Qxb5 Nxa3 24. Qa4 Bb4 25. Bxa8 Rxa8 26. Qd7 Rd8 27. Qg4 Nb5 28. Nh5 Qc6+ 29. Qe4 Qd6 30. Qg4 g6 31. Nf4 Nd4 32. h4 h5 33. Nxh5 Qd5+ 34. Kh3 Qxh5 35. Qxh5 gxh5 36. g4 hxg4+ 37. Kxg4 Nxb3 38. Rb1 a4 39. h5 Kh7 40. Kf5 Rd6 41. Rg1 Nd4+ 42. Ke4 Re6+ 43. Kd5 a3 44. Rg2 Ne2 45. Rg4 Nc3+ 0-1

[Event "Early-Titled-Tuesday-Blitz-August-29-2023"]
[Site "Chess.com"]
[Date "2023.08.29"]
[Round "10"]
[White "GeorgiosSouleidis"]
[Black "Tomytoteph"]
[Result "0-1"]
[WhiteElo "2560"]
[BlackElo "2627"]
[TimeControl "180+1"]
[EndTime "9:53:35 PDT"]
[Termination "Tomytoteph won on time"]

1. e4 c5 2. Nf3 g6 3. Bc4 Bg7 4. O-O Nc6 5. Re1 d6 6. c3 e5 7.
h3 Nge7 8. Na3 O-O 9. Nc2 a6 10. a4 Rb8 11. d4 b5 12. axb5 axb5 13. Bf1 b4 14. dxc5 dxc5 15. Qxd8 Rxd8 16. Be3 bxc3 17. bxc3 Rb3 18. Ra3 Rb2 19. Rc1 f5 20. Bxc5 h6 21. Bc4+ Kh7 22. exf5 Bxf5 23. Ne3 Be4 24. Ra2 Rxa2 25.
Bxa2 Nf5 26. Nxf5 gxf5 27. Be6 Kg6 28. Ra1 Kf6 29. Bc4 h5 30. Ra6 Rd1+ 31. Kh2 Bh6 32. Be3 Bxe3 33. fxe3 Rc1 34. Bb5 Rxc3 35. Nd2 Bd5 36.
Kg1 Rc2 37. Kf1 Rxd2 38. Bxc6 Bc4+ 39. Kg1 Bxa6 0-1

[Event "Early-Titled-Tuesday-Blitz-August-29-2023"]
[Site "Chess.com"]
[Date "2023.08.29"]
[Round "10"]
[White "only_strong_moves"]
[Black "garfield_pg"]
[Result "1-0"]
[WhiteElo "2524"]
[BlackElo "2381"]
[TimeControl "180+1"]
[EndTime "9:53:35 PDT"]
[Termination "only_strong_moves won on time"]

1. d4 d5 2. Nc3 e6 3. Bf4 c5 4. e3 a6 5. Nf3 Nc6 6. Be2 Bd6 7.
O-O Nge7 8. dxc5 Bxc5 9. Na4 Ba7 10. c4 dxc4 11. Qc2 b5 12. Rad1 Qa5 13. Nc3 O-O 14. Bd6 Rd8 15. h4 Nf5 16. Bh2 Bb7 17. g4 Nb4 18. Qb1 Ne7 19. Ng5 g6 20. a3 Nbd5 21. Nce4 Qb6 22. b4 h6 23. Nxf7 Kxf7 24. Nc5 Qc6 25. e4 Nf6 26. Nxb7 Qxb7 27. Bf3 Qb6 28. e5 Nfd5 29. Kh1 Rac8 30. Qc1 Kg7 31. Be4 Nc7 32. Rd6 Qb8 33. Bf4 Ne8 34. Bxh6+ Kh7 35. Rxe6 Rc6 36. Rxe7+ Kg8 37. Bxc6 Qc8 38. Bf3 1-0

[Event "Early-Titled-Tuesday-Blitz-August-29-2023"]
[Site "Chess.com"]
[Date "2023.08.29"]
[Round "10"]
[White "nassimzrikem"]
[Black "Mihaiionescu1"]
[Result "1-0"]
[WhiteElo "2132"]
[BlackElo "2460"]
[TimeControl "180+1"]
[EndTime "9:53:35 PDT"]
[Termination "nassimzrikem won on time"]

1. d4 Nf6 2. Nf3 b6 3. e3 Bb7 4. Bd3 g6 5. Nbd2 Bg7 6. c3 O-O 7. e4 d6 8. O-O Nbd7 9. Re1 c5 10. e5 dxe5 11. dxe5 Ng4 12. e6 fxe6 13. h3 Nge5 14. Be4 Bxe4 15. Rxe4 Qc7 16. Qe2 Nxf3+ 17. Nxf3 e5 18.
Bg5 Rf7 19. Qc4 Bf6 20. Rd1 Qc6 21. a4 a6 22. Re2 b5 23. Qh4 bxa4 24. Red2 Ra7 25.
Qg4 e6 26. Bxf6 Nxf6 27. Nxe5 Nxg4 28. Nxc6 Rac7 29. Nd8 Ne5 30. Nxf7 Rxf7 31. Re2 Nc4 32. Ra1 Nb6 33. Rxe6 Rb7 34. Rc6 c4 35. Kf1 Kf7 36.
Ke1 Ke7 37. Kd1 Kd7 38. Rf6 Kc8 39. Rf8+ Kc7 40. Rf7+ Kc6 41. Rxb7 Kxb7 42. Kc2 Kc6 43. Re1 Nd5 44. Re6+ Kb5 45. Re8 Kb6 46. Rh8 1-0

[Event "Early-Titled-Tuesday-Blitz-August-29-2023"]
[Site "Chess.com"]
[Date "2023.08.29"]
[Round "10"]
[White "Pax-Pramana"]
[Black "FeketeBarika"]
[Result "1-0"]
[WhiteElo "2499"]
[BlackElo "2355"]
[TimeControl "180+1"]
[EndTime "9:53:37 PDT"]
[Termination "Pax-Pramana won by resignation"]

1. d4 d5 2. Nc3 Nf6 3. Bg5 Ne4 4.
Bf4 e6 5. e3 Bb4 6. Ne2 O-O 7.
f3 Nxc3 8. bxc3 Bd6 9. h4 c5 10. Qd2 Nc6 11. Rd1 Bxf4 12. Nxf4 Qa5 13. e4 dxe4 14.
fxe4 e5 15. Nh5 f6 16. Bc4+ Kh8 17. d5 Nd8 18. Be2 Bd7 19. O-O b5 20. Qe3 c4 21. Qc5 Qb6 22. Qf2 Nf7 23. Ng3 Nd6 24.
Kh2 Qxf2 25. Rxf2 a6 26. Bf3 Kg8 27. Nf1 Be8 28. Ne3 Bg6 29. Nf5 Nxf5 30. exf5 Bxf5 31. d6 Rad8 32. Bd5+ Kh8 33. Rxf5 Rxd6 34. Rff1 Rfd8 35.
Bf3 f5 36. Rxd6 Rxd6 37. Rd1 Rxd1 38. Bxd1 Kg8 39. Bf3 e4 40. Be2 Kf7 41. Kg3 Kf6 42.
Kf4 g6 43. g4 h6 44. gxf5 gxf5 45. Bh5 a5 46. Be8 b4 47. cxb4 axb4 48. Bb5 c3 49. Bd7 e3 50. Kxe3 Ke5 51. Kf3 f4 52. Bc8 h5 53. Bd7 Kd4 54. Kxf4 1-0

[Event "Early-Titled-Tuesday-Blitz-August-29-2023"]
[Site "Chess.com"]
[Date "2023.08.29"]
[Round "10"]
[White "DKmirl"]
[Black "dosto07"]
[Result "0-1"]
[WhiteElo "2266"]
[BlackElo "2468"]
[TimeControl "180+1"]
[EndTime "9:53:37 PDT"]
[Termination "dosto07 won on time"]

1. d4 d5 2. Nf3 Nf6 3. g3 c6 4.
Bg2 Bf5 5. O-O h6 6. c4 e6 7. Nc3 Nbd7 8. Nd2 Be7 9. e4 dxe4 10. Ndxe4 O-O 11. Be3 Nxe4 12. Nxe4 Nf6 13. Nc3 Qa5 14. Qb3 Qb6 15. Qxb6 axb6 16. a3 Rfd8 17.
d5 exd5 18. Bxb6 Rd7 19. cxd5 Nxd5 20. Nxd5 cxd5 21. Rfd1 Be6 22. Rac1 Bf6 23. Bd4 Be7 24. Rc3 f6 25. Re1 Bf7 26. Bh3 Rad8 27. Bxd7 Rxd7 28. Rec1 Bd6 29. Bc5 Be5 30. R3c2 d4 31. Rd2 f5 32. f4 Bf6 33. Rcd1 Bb3 34. Re1 Kf7 35. Kf2 d3 36. Re3 Bc2 37. Re1 Bxb2 38. a4 Bc3 39. Be3 Rc7 40. Red1 Bxd2 41. Rxd2 Rc4 42. a5 Ra4 43.
Bb6 Ke6 44. Ke3 Kd5 45. Rf2 Kc4 46. Kd2 Ra1 47. Ke3 Re1+ 48. Kf3 Kc3 49. Be3 Bd1+ 50. Kg2 Rxe3 0-1

[Event "Early-Titled-Tuesday-Blitz-August-29-2023"]
[Site "Chess.com"]
[Date "2023.08.29"]
[Round "10"]
[White "supertfc"]
[Black "DeArron_Fox"]
[Result "0-1"]
[WhiteElo "2315"]
[BlackElo "2469"]
[TimeControl "180+1"]
[EndTime "9:53:37 PDT"]
[Termination "DeArron_Fox won on time"]

1. d4 d5 2. c4 e6 3. Nc3 Nf6 4. cxd5 exd5 5. Bg5 Be7 6. e3 c6 7.
Qc2 Nbd7 8. Bd3 Nh5 9. Bxe7 Qxe7 10. Nge2 g6 11. O-O O-O 12. Rae1 Ndf6 13. Kh1 Ng7 14. Ng3 h5 15. Nge2 h4 16. h3 Bf5 17. Nf4 Rfe8 18.
Rb1 a5 19. a3 Bxd3 20. Nxd3 Nf5 21. b4 axb4 22. axb4 b5 23. Ne2 Qb7 24. Rfc1 Rec8 25. Ra1 Nd6 26. Rxa8 Qxa8 27. Ne5 Qa4 28. Qb1 Kg7 29.
Nf4 Nfe4 30. f3 Ng3+ 31. Kh2 Ngf5 32. Re1 Nc4 33. Ng4 Qa3 34. Nd3 Re8 35. Nde5 Ncxe3 36. Nxe3 Nxe3 37. Nxc6 Qc3 38. Ne5 f6 39. Ng4 Nxg4+ 40.
hxg4 Qxe1 0-1

[Event "Early-Titled-Tuesday-Blitz-August-29-2023"]
[Site "Chess.com"]
[Date "2023.08.29"]
[Round "10"]
[White "LUISMIGUELOV"]
[Black "Sunny_Star"]
[Result "0-1"]
[WhiteElo "2094"]
[BlackElo "2077"]
[TimeControl "180+1"]
[EndTime "9:53:37 PDT"]
[Termination "Sunny_Star won on time"]

1. d4 Nf6 2. c3 d5 3. Bg5 e6 4. Nd2 c6 5. f4 Be7 6. Ngf3 Nbd7 7. e3 h6 8. Bxf6 Nxf6 9. Bd3 Qd6 10. Ne5 Nd7 11.
O-O Nf6 12. h3 b6 13. b4 Bb7 14. a4 a5 15. bxa5 Rxa5 16. Rb1 Qc7 17. Bc2 c5 18. Nb3 Ra8 19. a5 bxa5 20. Ra1 c4 21. Nd2 O-O 22. f5 exf5 23. Rxf5 Bc8 24. Rf2 Bd6 25. Ng4 Nxg4 26. hxg4 Bg3 27. Rf5 Bxf5 28. gxf5 f6 29. Qf3 Rfd8 30.
e4 Bf4 31. Nf1 dxe4 32. Bxe4 Rab8 33. g3 Bd6 34. Bd5+ Kh8 35. Ne3 Bxg3 36. Nxc4 Rb5 37.
Ne3 Bf4 38. Ng2 Bh2+ 39. Kh1 Rbxd5 40. c4 Rxd4 41. Ne3 Rd3 42. Qe2 Bf4 43. Nd5 Qxc4 44. Rxa5 Rh3+ 0-1

[Event "Early-Titled-Tuesday-Blitz-August-29-2023"]
[Site "Chess.com"]
[Date "2023.08.29"]
[Round "10"]
[White "benny_aizenberg"]
[Black "MatthewG-p4p"]
[Result "0-1"]
[WhiteElo "2663"]
[BlackElo "2846"]
[TimeControl "180+1"]
[EndTime "9:53:38 PDT"]
[Termination "MatthewG-p4p won on time"]

1. d4 Nf6 2. Nc3 d5 3. Bf4 c5 4. e3 Bg4 5. Qd2 Nc6 6. f3 Bd7 7. g4 e6 8. Nb5 Rc8 9. Nd6+ Bxd6 10. Bxd6 cxd4 11. exd4 Qb6 12. b4 Qxd4 13. c3 Qb6 14. Bd3 Na5 15. Bc5 Qc7 16. Bxa7 Nc4 17. Bxc4 Qxc4 18. Bc5 Nxg4 19. Ne2 Ne5 20. Kf2 Nd3+ 21.
Kg2 Nxc5 22. bxc5 Qxc5 23. Rab1 b6 24. Rhg1 O-O 25. Kh1 Qf2 26. Rg3 g6 27. Rbg1 d4 28. cxd4 Bc6 29. Qd3 Rfd8 30. R1g2 Qe1+ 31. Rg1 Qb4 32. Qe3 Bb5 33. Nf4 Qxd4 34. Qb3 Bc4 35. Qb1 Qxf4 36. Qb2 Bd5 37. Qf2 Rc3 0-1

[Event "Early-Titled-Tuesday-Blitz-August-29-2023"]
[Site "Chess.com"]
[Date "2023.08.29"]
[Round "10"]
[White "Durarbayli"]
[Black "FREDERICKtheMATE"]
[Result "0-1"]
[WhiteElo "2909"]
[BlackElo "2540"]
[TimeControl "180+1"]
[EndTime "9:53:40 PDT"]
[Termination "FREDERICKtheMATE won on time"]

1. e4 c5 2. Nf3 Nc6 3. Bb5 g6 4. O-O Bg7 5. c3 e5 6. d4 cxd4 7. cxd4 exd4 8. Bf4 a6 9. Ba4 Nge7 10. Bd6 b5 11.
Bc2 Bb7 12. e5 Nc8 13. Re1 Nxd6 14. exd6+ Kf8 15. Nbd2 Bf6 16. Ne4 Kg7 17. Qd2 Re8 18. Qf4 Nb4 19. Bb1 Nd5 20. Qg3 h6 21. h4 Rc8 22. a3 Nb6 23. Bd3 Na4 24. h5 g5 25.
Nh4 Kh8 26. Nf5 Bg7 27. Ne7 Bxe4 28. Bxe4 Rc5 29. Bd5 Rf8 30. b4 Rc3 31. Qg4 f5 32. Nxf5 Qf6 33. Be4 Nb6 34. f3 Qe5 35. Rad1 Qf4 36.
Qxf4 gxf4 37. Nxd4 Bxd4+ 38. Rxd4 Rxa3 39. Bg6 Re3 40.
Rxe3 fxe3 41. Re4 Nc4 42. Re7 Rf6 43. Kf1 Rxd6 0-1

[Event "Early-Titled-Tuesday-Blitz-August-29-2023"]
[Site "Chess.com"]
[Date "2023.08.29"]
[Round "10"]
[White "Apocalyps999"]
[Black "atalz0"]
[Result "0-1"]
[WhiteElo "2325"]
[BlackElo "2482"]
[TimeControl "180+1"]
[EndTime "9:53:47 PDT"]
[Termination "atalz0 won by checkmate"]

1. e4 d5 2. exd5 Nf6 3. d4 Nxd5 4. Nf3 Bg4 5. h3 Bh5 6. g4 Bg6 7. Ne5 Nc6 8. Bb5 Qd6 9. c4 Nb4 10. a3 Nc2+ 11. Kf1 Nxa1 12. d5 O-O-O 13. Nxg6 hxg6 14. Nc3 Nb8 15. Be3 a6 16. Ba4 e6 17. Qxa1 f5 18.
gxf5 gxf5 19. dxe6 Qxe6 20. Nd5 Rxd5 21. cxd5 Qxd5 22. Rg1 Rxh3 23. Qd1 Qxd1+ 24. Bxd1 Nc6 25. Bc2 Rh5 26. Bg5 g6 27. Bf4 Ne7 28. Be5 Kd7 29. Bb3 Rh4 30. Ke2 Re4+ 31. Kf3 Rxe5 32. Rd1+ Ke8 33.
Bf7+ Kxf7 34. Rd8 Re6 35. Rd7 Rd6 36. Rxc7 Rb6 37. Rd7 Ke6 38. Rd2 Bg7 39. Rc2 Be5 40.
b4 Nd5 41. Ke2 Rc6 42. Kd3 Rxc2 43. Kxc2 Nf4 44. Kb3 Nd3 45. Kc4 Nxf2 46. a4 Ne4 47. Kb3 g5 48. b5 g4 49. bxa6 bxa6 50. Kb4 g3 51. Ka5 g2 52. Kxa6 g1=Q 53. Kb7 Qc5 54. a5 Qxa5 55. Kc8 Qc7# 0-1

[Event "Early-Titled-Tuesday-Blitz-August-29-2023"]
[Site "Chess.com"]
[Date "2023.08.29"]
[Round "10"]
[White "mistrzemi"]
[Black "C_K_G"]
[Result "1/2-1/2"]
[WhiteElo "2364"]
[BlackElo "2004"]
[TimeControl "180+1"]
[EndTime "9:53:47 PDT"]
[Termination "Game drawn by agreement"]

1. e4 c5 2. Nc3 d6 3. f4 a6 4. Nf3 Nc6 5. g3 Nf6 6. d3 e6 7. Bg2 Be7 8. O-O Qc7 9. h3 b5 10. Be3 Bb7 11. Ne2 d5 12. e5 Nd7 13.
d4 cxd4 14. Nexd4 Nxd4 15. Bxd4 Bc5 16. c3 Nb6 17. Qd2 Nc4 18. Qf2 Rc8 19. b3 Nb6 20.
Rfc1 h6 21. Rc2 O-O 22. Rac1 a5 23. Bf1 Ba6 24. a4 Qc6 25. Be3 Nd7 26. Nd4 Bxd4 27. cxd4 Qb6 28. Rxc8 Rxc8 29. Rxc8+ Bxc8 30. Bxb5 Qc7 31. Qd2 Nf8 32. Qc1 Qxc1+ 33. Bxc1 Bb7 34. Ba3 Ng6 35. Bc5 f6 36. Be8 Nh8 37. Kf2 Nf7 38.
Bxf7+ Kxf7 39. Bb6 fxe5 40. fxe5 Ba6 41. Bxa5 Bd3 42.
Ke3 Bc2 43. b4 Bxa4 44. Bc7 Bb5 45. Bd6 g5 46. Kf3 Kg6 47. h4 gxh4 48. gxh4 h5 49. Be7 Bc4 1/2-1/2

[Event "Early-Titled-Tuesday-Blitz-August-29-2023"]
[Site "Chess.com"]
[Date "2023.08.29"]
[Round "10"]
[White "fireheart92"]
[Black "FGHSMN"]
[Result "1-0"]
[WhiteElo "2949"]
[BlackElo "2920"]
[TimeControl "180+1"]
[EndTime "9:53:50 PDT"]
[Termination "fireheart92 won on time"]

1. d4 d5 2. Nf3 Bf5 3. c4 e6 4.
Nc3 Nf6 5. Bg5 c6 6. e3 Nbd7 7.
Bd3 dxc4 8. Bxc4 Be7 9. O-O O-O 10. Rc1 c5 11. Qe2 a6 12. dxc5 Nxc5 13. Rfd1 Qb6 14.
Ne5 Rad8 15. g4 Bg6 16. h4 Rfe8 17. h5 Be4 18. Bf4 Bd5 19. g5 Nfe4 20. Nxd5 exd5 21. Bxd5 Rf8 22. Bxe4 Nxe4 23. Nd7 Rxd7 24. Rxd7 Bxg5 25. Bxg5 Nxg5 26. Qg4 Qxb2 27. Rcc7 Ne6 28. Rxb7 Qxa2 29. h6 g6 30. Rd1 Qa5 31. Re7 Qe5 32. Qg3 Qf6 33.
Ra7 Nc5 34. Qf4 Qxf4 35. exf4 Ne6 36. f5 gxf5 37. Kg2 Re8 38. Rdd7 Ng5 39. f4 Ne6 40. Kg3 Rf8 41. Re7 Nd4 42. Rxa6 Kh8 43. Rxf7 Rg8+ 44. Kf2 1-0

[Event "Early-Titled-Tuesday-Blitz-August-29-2023"]
[Site "Chess.com"]
[Date "2023.08.29"]
[Round "10"]
[White "isaak2009"]
[Black "vovachesss"]
[Result "1-0"]
[WhiteElo "2571"]
[BlackElo "2764"]
[TimeControl "180+1"]
[EndTime "9:53:50 PDT"]
[Termination "isaak2009 won by checkmate"]

1. d4 d6 2. e4 Nf6 3. Nc3 Nbd7 4. Nge2 e5 5. g3 c6 6. Bg2 b5 7. a3 Bb7 8. O-O Be7 9. h3 O-O 10. Be3 a6 11. g4 Re8 12. Ng3 Bf8 13. Qd2 d5 14. exd5 Nxd5 15. Nxd5 cxd5 16. dxe5 Nxe5 17. Bd4 Qc7 18. f4 Nc4 19. Qf2 Ne3 20. Rfc1 Nxg2 21.
Kxg2 Rac8 22. c3 Qc4 23. Re1 a5 24. Rxe8 Rxe8 25. Re1 Rxe1 26. Qxe1 b4 27. axb4 axb4 28. Qe2 Qb3 29. Nf5 bxc3 30. bxc3 Qa3 31. Qe8 h5 32. gxh5 Qb2+ 33. Kg3 Qa3 34. Bxg7 d4 35. Qxf8+ Qxf8 36. Bxf8 Kxf8 37. Nxd4 Kg7 38. c4 Kf6 39. c5 Bc8 40. c6 Kg7 41. Nb5 Kh6 42. c7 Kxh5 43. Nd6 Be6 44. c8=Q Bxc8 45. Nxc8 Kg6 46. Nd6 Kf6 47.
Ne4+ Kf5 48. Nf2 f6 49. Kf3 Kg6 50. Kg4 f5+ 51. Kf3 Kh6 52. Kg3 Kg6 53. h4 Kf6 54. h5 Kg7 55. Kh4 Kh6 56. Nh3 Kg7 57. Kg5 Kh7 58.
Kxf5 Kh6 59. Kg4 Kg7 60. Kg5 Kf7 61. f5 Kg7 62. f6+ Kh7 63. h6 Kg8 64. Kg6 Kh8 65. Ng5 Kg8 66. h7+ Kh8 67. Nf7# 1-0

[Event "Early-Titled-Tuesday-Blitz-August-29-2023"]
[Site "Chess.com"]
[Date "2023.08.29"]
[Round "10"]
[White "Barbus89"]
[Black "attack2mateU"]
[Result "1-0"]
[WhiteElo "2548"]
[BlackElo "2734"]
[TimeControl "180+1"]
[EndTime "9:53:51 PDT"]
[Termination "Barbus89 won by resignation"]

1. Nf3 c5 2. g3 Nc6 3. d4 cxd4 4. Nxd4 e5 5. Nxc6 dxc6 6. Qxd8+ Kxd8 7. f3 Bc5 8. e4 Be6 9. Nd2 Nf6 10. Bc4 Ke7 11. Ke2 b5 12. Bxe6 Kxe6 13. a4 a6 14. Nb3 Nd7 15.
Bd2 Bb6 16. Rhd1 Nc5 17. Nxc5+ Bxc5 18. Ba5 b4 19. Kd3 Rab8 20. Kc4 Be7 21. Rd3 g5 22. Rad1 h5 23. Rd7 g4 24. f4 exf4 25. gxf4 Rhe8 26.
Bc7 Rbc8 27. Be5 f6 28. Bc7 h4 29. f5+ Kf7 30. R1d6 Kf8 31. Re6 Kg8 32. Rdxe7 Rxe7 33. Rxe7 Kf8 34. Rh7 Kg8 35. Rd7 h3 36. Bg3 Re8 37.
Kd3 c5 38. e5 fxe5 39. Ke4 c4 40. f6 Kf8 41. f7 Re7 42. Rxe7 Kxe7 43. Kxe5 Kxf7 44.
Kd4 Ke6 45. Kxc4 a5 46. Kb5 1-0

[Event "Early-Titled-Tuesday-Blitz-August-29-2023"]
[Site "Chess.com"]
[Date "2023.08.29"]
[Round "10"]
[White "Vesper2018"]
[Black "Haykoooo0o"]
[Result "0-1"]
[WhiteElo "2581"]
[BlackElo "2461"]
[TimeControl "180+1"]
[EndTime "9:53:55 PDT"]
[Termination "Haykoooo0o won on time"]

1. e4 e6 2. d4 d5 3. e5 c5 4. c3 Nc6 5. Nf3 Qb6 6. a3 c4 7. Be2 Na5 8. Nbd2 Bd7 9. O-O Ne7 10. Ne1 Qc7 11. a4 Nc8 12. Nc2 Nb6 13. Nb4 O-O-O 14. Qc2 h6 15. Bd1 Kb8 16. b3 Rc8 17. bxc4 Nbxc4 18. Nxc4 Nxc4 19. Qb1 Ka8 20. a5 Be7 21. Be2 g5 22.
Qa2 h5 23. Nd3 g4 24. Nb2 Bb5 25. Nd3 Rhg8 26. Rb1 Bd7 27. Ra1 h4 28. Bf4 a6 29.
Rfb1 Bc6 30. Rb3 Bb5 31. Nb2 Bg5 32. Bxg5 Rxg5 33. Nxc4 Bxc4 34. Bxc4 Qxc4 35. Qb2 Rc7 36. Rb1 Qc6 37. Rc1 g3 38. fxg3 hxg3 39. hxg3 Rxg3 40. Rb6 Qc4 41. Rb3 Qd3 42. Rb1 Qe3+ 43. Qf2 Qxf2+ 44. Kxf2 Rgxc3 45. Rb6 Rd3 46. R1b4 Rc2+ 47. Kg1 Rc7 48.
Kh2 Ra3 49. Rxe6 fxe6 0-1

[Event "Early-Titled-Tuesday-Blitz-August-29-2023"]
[Site "Chess.com"]
[Date "2023.08.29"]
[Round "10"]
[White "XDPS"]
[Black "wonderfultime"]
[Result "1-0"]
[WhiteElo "2867"]
[BlackElo "2964"]
[TimeControl "180+1"]
[EndTime "9:53:56 PDT"]
[Termination "XDPS won by resignation"]

1. e4 c5 2. Nf3 Nf6 3. e5 Nd5 4. c3 Nc6 5. Bc4 Nb6 6. Bb3 d5 7.
exd6 Qxd6 8. O-O Be6 9. Re1 Bxb3 10. Qxb3 e6 11. a4 Qd5 12. Qb5 c4 13. Na3 Bc5 14. d4 cxd3 15. Re5 Bxf2+ 16. Kxf2 Qd6 17. Re3 Rd8 18.
a5 Nd5 19. Rxd3 O-O 20. Nc4 Qc7 21. a6 b6 22. Be3 Nxe3 23. Nxe3 e5 24. Rxd8 Nxd8 25.
Qxe5 Qc8 26. Nd5 Kh8 27. Re1 Ne6 28. Nb4 h6 29. Nd4 Nc5 30. Kg1 Qd7 31. Qe7 Qc8 32.
Qxa7 Re8 33. Re7 Kh7 34. Nbc6 Qg4 35. Rxe8 Qd1+ 36. Kf2 Nd3+ 37. Ke3 Nxb2 38. Kf4 Qh5 39. Re5 Nd3+ 40. Ke4 Nf2+ 41. Kd5 Qg6 42. Qd7 Qxg2+ 43. Kc4 Qf1+ 44. Re2 Qb1 45. Qf5+ Qxf5 46. Nxf5 1-0

[Event "Early-Titled-Tuesday-Blitz-August-29-2023"]
[Site "Chess.com"]
[Date "2023.08.29"]
[Round "10"]
[White "aghasiyevkamal"]
[Black "WildTricks"]
[Result "0-1"]
[WhiteElo "2498"]
[BlackElo "2649"]
[TimeControl "180+1"]
[EndTime "9:53:57 PDT"]
[Termination "WildTricks won on time"]

1. d4 Nf6 2. c4 e6 3. Nf3 c5 4. d5 exd5 5. cxd5 d6 6. Nc3 g6 7. e4 Bg7 8. h3 O-O 9. Be3 Re8 10. Nd2 a6 11. a4 Nxe4 12. Ndxe4 f5 13. Be2 fxe4 14. O-O Nd7 15. a5 Nf6 16. Qb3 Rb8 17.
Na4 Nd7 18. Qc2 b5 19. axb6 Nxb6 20. Nc3 a5 21. Rfd1 Bd7 22. Qd2 a4 23. Bg5 Qc8 24. Qf4 Be5 25. Qh4 Bf5 26. g4 Bd7 27. Nxe4 Bxb2 28. Nxd6 Qc7 29. Nxe8 Rxe8 30. d6 Qc6 31.
Be7 a3 32. Rab1 Qe4 33. Bf1 Bc6 34. f3 Qxf3 35. Rd2 Qh1+ 36. Kf2 Qh2+ 37. Ke1 Bc3 38. Be2 a2 39. Rd1 Qg1+ 40. Bf1 Bxd2+ 41. Kxd2 Qd4+ 42. Kc2 a1=Q 43. Rxa1 Qxa1 0-1

[Event "Early-Titled-Tuesday-Blitz-August-29-2023"]
[Site "Chess.com"]
[Date "2023.08.29"]
[Round "10"]
[White "IljaZaragatski"]
[Black "Ducke13"]
[Result "1-0"]
[WhiteElo "2600"]
[BlackElo "2422"]
[TimeControl "180+1"]
[EndTime "9:53:57 PDT"]
[Termination "IljaZaragatski won by checkmate"]

1. e4 c5 2. Nf3 d6 3. d4 cxd4 4.
Nxd4 Nf6 5. Nc3 a6 6. f3 e5 7. Nb3 Be7 8. Be3 Be6 9. Qd2 h5 10. Nd5 Nxd5 11. exd5 Bf5 12. c4 a5 13. Be2 a4 14.
Nc1 Nd7 15. O-O Qa5 16. Qxa5 Rxa5 17. Bd3 Bxd3 18. Nxd3 O-O 19. b4 axb3 20. axb3 Rfa8 21. Rxa5 Rxa5 22. Rc1 f5 23. Rc2 g5 24. Kf2 g4 25.
Ke2 Kf7 26. b4 Ra3 27. c5 e4 28. fxe4 fxe4 29. Nf4 Ne5 30. c6 bxc6 31. dxc6 Ra8 32.
b5 Ke8 33. b6 Nxc6 34. Rxc6 Bd8 35. Rxd6 Ra2+ 36. Kd1 Rb2 37. Re6+ Kd7 38. Rxe4 Bxb6 39. Bxb6 Rxb6 40. Nxh5 Rh6 41. Re5 Kd6 42. Ra5 Rh8 43. Ke2 Ke6 44. Kf2 Kf7 45. Kg3 Rg8 46. Ra7+ Kg6 47.
Nf4+ Kf5 48. Ra5+ Ke4 49. Ra4+ Ke3 50. Nh5 Rh8 51. Nf6 Rh6 52. Nxg4+ Ke2 53. Nxh6 Ke1 54. h4 Ke2 55. h5 Ke3 56. Ng4+ Kd3 57. h6 Kc3 58. Rf4 Kb3 59. h7 Kc3 60. h8=Q+ Kd3 61.
Qd4+ Kc2 62. Rf2+ Kb3 63. Rb2+ Ka3 64. Qb4# 1-0